 Dungeon Crawl Stone Soup version 0.25-a0-713-g4845790874 (webtiles) character file.

Game seed: 1914257547350527200, levelgen mode: deterministic

504 Amnesiac the Thaumaturge (level 6, -5/32 HPs)
             Began as a Deep Elf Wizard on Apr 6, 2020.
             Was a Follower of Ashenzari.
             Slain by an orc
             ... wielding a +0 dagger
              (6 damage)
             ... on level 5 of the Dungeon.
             The game lasted 00:09:32 (4411 turns).

Amnesiac the Thaumaturge (Deep Elf Wizard)          Turns: 4411, Time: 00:09:33

Health: -5/32      AC:  4    Str:  4    XL:     6   Next: 96%
Magic:  1/20       EV: 15    Int: 25    God:    Ashenzari [*.....]
Gold:   229        SH:  3    Dex: 13    Spells: 12/23 levels left

rFire    . . .     SeeInvis .   f - -3 dagger (curse)
rCold    . . .     Gourm    .   (no shield)
rNeg     . . .     Faith    .   a - +0 robe
rPois    +         Spirit   .   h - +1 helmet
rElec    .         Reflect  +   (no cloak)
rCorr    .         Harm     .   (no gloves)
MR       .....                  (no boots)
Stlth    +++.......             c - +3 amulet of reflection
HPRegen  0.10/turn              o - ring of poison resistance
MPRegen  0.17/turn              p - ring of stealth

@: very slightly contaminated
A: no striking features
a: Curse Item, Scrying, Renounce Religion


You were on level 5 of the Dungeon.
You worshipped Ashenzari.
Ashenzari was aware of your devotion.
You were not hungry.

You visited 1 branch of the dungeon, and saw 5 of its levels.

You collected 229 gold pieces.

Inventory:

Hand Weapons
 e - a +0 short sword of venom
 f - a cursed -3 dagger (weapon)
Armour
 a - a +0 robe (worn)
 h - a +1 helmet (worn)
Jewellery
 c - a +3 amulet of reflection (around neck)
 o - a ring of poison resistance (left hand)
 p - a ring of stealth (right hand)
Scrolls
 b - a scroll of enchant armour {!r}
 i - a scroll of immolation {!r}
 m - 3 scrolls of remove curse {!r}
 r - 3 scrolls of identify {!r}
Potions
 k - a potion of flight {!q}
Comestibles
 d - 12 rations
 g - 2 chunks of flesh


   Skills:
 + Level 5.5 Dodging
 - Level 2.4 Stealth
 * Level 9.1 Spellcasting
 - Level 1.1 Conjurations
 - Level 1.1 Summonings
 - Level 1.1 Translocations


You had 12 spell levels left.
You knew the following spells:

 Your Spells              Type           Power        Failure   Level  Hunger
a - Magic Dart            Conj           ###.         3%          1    None
b - Call Imp              Summ           ###.....     5%          2    None
e - Mephitic Cloud        Conj/Pois/Air  ##......     14%         3    None
s - Conjure Flame         Conj/Fire      ##......     13%         3    None
v - Blink                 Tloc           N/A          5%          2    None

Your spell library contained the following spells:

 Spells                   Type           Power        Failure   Level  Hunger
 Foxfire                  Conj/Fire      ##..         4%          1    None
 Slow                     Hex            ##......     9%          2    None
 Inner Flame              Hex/Fire       ##......     16%         3    None
 Sticky Flame             Conj/Fire      ##......     41%         4    ##.....
 Fireball                 Conj/Fire      ##........   77%         5    ####...


Dungeon Overview and Level Annotations

Branches:
Dungeon (5/15)             Temple (0/1) D:4

Altars:
Ashenzari
Okawaru

Shops:
D:4 =

Annotations:
D:5 Duvessa, Edmund, Prince Ribbit


Message History

The orc wizard casts a spell at you. The puff of flame misses you.
You see here a worker ant corpse.
You butcher the worker ant corpse.
You see here 2 chunks of flesh.
g - 2 chunks of flesh The orc wizard hits you but does no damage.
A hound zombie comes into view.
The hound zombie moves out of view.
Found a scroll of identify.
Casting: Magic Dart (safe; 3% risk of failure)
Confirm with . or Enter, or press ? or * to list all spells.
Aiming: Magic Dart (safe; 3% risk of failure)
Press: ? - help, Shift-Dir - straight line, f - orc wizard
Aim: an orc wizard, wielding a +0 dagger and wearing a +0 robe (severely wounded)
The magic dart hits the orc wizard.
The orc wizard is severely wounded.
The orc wizard barely misses you.
You barely miss the orc wizard.
The orc wizard is severely wounded.
The orc wizard closely misses you. The orc wizard casts a spell at you.
You are confused.
You're too confused!
Unknown command.
You bump into the rock wall.
An orc comes into view. It is wielding a +0 dagger.
The orc wizard gestures wildly while chanting.
The orc wizard flickers and vanishes!
Deactivating autopickup; reactivate with Ctrl-A.
You bump into the rock wall.
You are starting to lose your buoyancy.
A magic dart appears from out of thin air!
The magic dart hits you.
* * * LOW HITPOINT WARNING * * *
You bump into the rock wall.
You feel less confused.
A hound skeleton comes into view.
Casting: Magic Dart (safe; 3% risk of failure)
Confirm with . or Enter, or press ? or * to list all spells.
Aiming: Magic Dart (safe; 3% risk of failure)
Press: ? - help, Shift-Dir - straight line The magic dart hits something.
Something hits you.
* * * LOW HITPOINT WARNING * * *
Your magical contamination has completely faded away.
You block the hound skeleton's attack.
A magic dart appears from out of thin air!
The magic dart hits you!
* * * LOW HITPOINT WARNING * * *
Really read
q - a scroll labeled WIAHEW ZAODE {!r}?
As you read the scroll labeled WIAHEW ZAODE {!r}, it crumbles to dust.
You hear a loud clanging noise!
It was a scroll of noise {!r}.
You float gracefully downwards.
You hear a shout!
You hear a howl!
The hound skeleton bites you.
* * * LOW HITPOINT WARNING * * *
The hound skeleton bites you but does no damage.
Really read
s - a scroll labeled VAPTUA PUOH {!r}?
Blink to where?
Press: ? - help, Dir - move target cursor You are very lightly contaminated with residual magic.
As you read the scroll labeled VAPTUA PUOH {!r}, it crumbles to dust.
It was a scroll of blinking {!r}.
The orc hits you with a +0 dagger.
You die...

### #.. #.#
#.# #o#
#@###########
#...Z§{.o...#
#.?########.#
#..# #!# ≈..#
#o# ≈.(. #.#
≈^.# #.#
.≈..# #?# #.#


You could see 2 orcs and a hound skeleton.

Vanquished Creatures
  A scorpion (D:4)
  Dowan (D:5)
  3 orc wizards
  3 worker ants
  9 gnolls
  4 adders (D:2)
  A shadow imp (D:3)
  3 dart slugs
  4 leopard geckos
  6 orcs
  3 giant cockroaches
  8 goblins
  6 hobgoblins
  2 jackals (D:1)
  2 quokkas
  5 bats
  8 frilled lizards
  A jackal skeleton (D:4)
  10 kobolds
  A leopard gecko skeleton (D:4)
  A quokka skeleton (D:5)
  8 rats
90 creatures vanquished.

Vanquished Creatures (collateral kills)
  A crimson imp (D:4)
  A gnoll shaman (D:4)
  An iguana (D:4)
  A gnoll (D:4)
  2 worms
  2 jackals (D:1)
  A rat (D:1)
9 creatures vanquished.

Vanquished Creatures (others)
  A worker ant (D:5)
  An adder (D:5)
  An orc (D:5)
3 creatures vanquished.

Grand Total: 102 creatures vanquished

Notes
Turn   | Place    | Note
-------+----------+-------------------------------------------
     0 | D:1      | Amnesiac the Deep Elf Wizard began the quest for the Orb.
     0 | D:1      | Reached XP level 1. HP: 10/10 MP: 7/7
    21 | D:1      | Found a shattered altar of Ashenzari.
    27 | D:1      | Became a worshipper of Ashenzari the Shackled
   227 | D:1      | Reached XP level 2. HP: 13/15 MP: 6/9
   231 | D:1      | Learned a level 2 spell: Blink
   234 | D:1      | Learned a level 2 spell: Call Imp
   251 | D:1      | Reached skill level 5 in Spellcasting
   840 | D:1      | Reached XP level 3. HP: 19/19 MP: 10/12
   845 | D:1      | Learned a level 3 spell: Conjure Flame
   849 | D:1      | Learned a level 3 spell: Mephitic Cloud
  1337 | D:2      | Reached skill level 6 in Spellcasting
  1353 | D:2      | Reached XP level 4. HP: 6/24 MP: 0/14
  2114 | D:3      | Reached * piety under Ashenzari
  2198 | D:3      | Found an iron altar of Okawaru.
  2557 | D:3      | Reached XP level 5. HP: 28/28 MP: 10/16
  2629 | D:3      | Reached skill level 7 in Spellcasting
  3116 | D:4      | Found Ofudghezill's Jewellery Shop.
  3366 | D:4      | Found a staircase to the Ecumenical Temple.
  3676 | D:4      | Reached skill level 8 in Spellcasting
  3676 | D:4      | Reached XP level 6. HP: 24/32 MP: 5/19
  3888 | D:4      | Reached skill level 5 in Dodging
  4053 | D:5      | Entered Level 5 of the Dungeon
  4094 | D:5      | Noticed Edmund
  4281 | D:5      | Noticed Duvessa
  4281 | D:5      | Noticed Dowan
  4290 | D:5      | Killed Dowan
  4338 | D:5      | Noticed Prince Ribbit
  4376 | D:5      | Reached skill level 9 in Spellcasting
  4410 | D:5      | HP: 1/32 [hound skeleton (2)]
  4411 | D:5      | Slain by an orc

Levels and vault maps discovered:
D:1:      scummos_arrival_forest, layout_loops_ring, minivault_23,
          ashenzari_altar_1
D:2:      layout_basic
D:3:      layout_basic, lemuel_doored_altar, minmay_liquid_box,
          chequers_arboretum
D:4:      layout_rooms, minmay_temple_entry_glassed_door, first_ration,
          serial_shops, nicolae_shop_stone
D:5:      layout_loops_ring, kennysheep_little_box, serial_shops, shop,
          shop_coins, xom_confusion_cloud, uniq_duvessa, uniq_edmund,
          uniq_prince_ribbit1, uniq_eustachio

Skill      XL: |  1  2  3  4  5  6 |
---------------+-------------------+-----
Spellcasting   | 5 6 8 9 |  9.1
Dodging        | 3 4 5 |  5.5
Stealth        | |  2.4
Conjurations   | |  1.1
Summonings     | |  1.1
Translocations | |  1.1

Action                   |  1- 3 |  4- 6 || total
-------------------------+-------+-------++-------
Melee: Unarmed           |     3 |       ||     3
       Dagger            |     3 |    22 ||    25
 Cast: Magic Dart        |    84 |   255 ||   339
       Call Imp          |     4 |    13 ||    17
       Mephitic Cloud    |     2 |     7 ||     9
  Use: Scroll            |       |     8 ||     8
       Potion            |       |     2 ||     2
  Eat: Chunk             |     1 |     9 ||    10
Armor: Robe              |     8 |    11 ||    19
Dodge: Dodged            |    47 |    70 ||   117
Block: Other             |     6 |    15 ||    21
       Reflection        |     1 |     1 ||     2

Table legend:
 A = Non-vault XP
 B = Vault XP
 C = Vault XP percentage of total XP
 D = Non-vault monster count
 E = Vault monster count
 F = Vault count percentage of total count
                 A         B        C        D         E       F
            +---------+---------+-------+---------+---------+-------
      Total |     634 |      86 |  11.9 |      97 |       2 |   2.0
            +---------+---------+-------+---------+---------+-------
        D:1 |      41 |       0 |   0.0 |      28 |       0 |   0.0
        D:2 |     135 |       0 |   0.0 |      26 |       0 |   0.0
        D:3 |      72 |       0 |   0.0 |      19 |       0 |   0.0
        D:4 |     344 |       0 |   0.0 |      22 |       0 |   0.0
        D:5 |      42 |      86 |  67.2 |       2 |       2 |  50.0
            +---------+---------+-------+---------+---------+-------
